AoeStats
← el forasteiro

Black Forest

509506152Analyzed
2v2 RM · 23d ago on Sep 27, 2026· 54m 2s· 4 players
Game mode
Random Map
Map size
Medium (4 player)
Population
200
Speed
Normal
Resources
Standard
Victory
Conquest
Starting age
Dark Age
Ending age
Imperial Age
RankedLock teamsTeams togetherTeam positionsShared explorationLock speedFull tech treeHidden civsTurbo modeCheats
Victory
Defeat
🇨🇷 Khmer · Costa Rica
624
+16
🇨🇷 Romans · Costa Rica
623
+16
vs
🇺🇸 Dravidians · United States
673
-18
🇧🇷 Celts · Brazil
575
-14
VERNONTICO
1:44 Loom
12:51 Feudal Age
13:38 Man-at-Arms
14:16 Double-Bit Axe
15:28 Wheelbarrow
21:46 Horse Collar
27:25 Castle Age
27:04 Scale Mail Armor
27:06 Gold Mining
29:58 Hand Cart
29:06 Pikeman
31:41 Heavy Plow
31:55 Bow Saw
32:08 Chain Mail Armor
35:04 Imperial Age
34:00 Forging
36:16 Iron Casting
37:07 Fletching
36:52 Capped Ram
38:12 Double Crossbow
40:14 Gold Shaft Mining
39:35 Heated Shot
42:55 Chemistry
41:34 Halberdier
43:07 Crop Rotation
46:14 Blast Furnace
46:01 Heavy Scorpion
48:04 Murder Holes
48:30 Ballistics
48:09 Bodkin Arrow
50:42 Arson
Amilkar2374
3:19 Loom
13:53 Feudal Age
18:05 Wheelbarrow
17:16 Town Watch
21:52 Horse Collar
22:07 Double-Bit Axe
25:33 Castle Age
23:25 Man-at-Arms
23:59 Fletching
24:20 Forging
24:12 Scale Mail Armor
25:38 Long Swordsman
26:20 Squires
28:43 Gold Mining
28:48 Stone Mining
29:09 Pikeman
29:48 Murder Holes
30:04 Masonry
30:15 Ballistics
30:29 Bodkin Arrow
32:05 Bow Saw
32:02 Heavy Plow
38:07 Imperial Age
37:07 Hand Cart
36:54 Town Patrol
37:48 Iron Casting
37:15 Padded Archer Armor
38:25 Gold Shaft Mining
39:24 Capped Ram
44:08 Chemistry
44:11 Heavy Scorpion
46:54 Ballistas
47:29 Architecture
50:03 Siege Engineers
51:13 Blast Furnace
50:20 Scale Barding Armor
51:36 Crop Rotation
CaptainKruschel
0:50 Loom
15:46 Feudal Age
17:19 Wheelbarrow
25:43 Horse Collar
26:56 Double-Bit Axe
27:51 Gold Mining
35:20 Castle Age
34:01 Fletching
34:13 Padded Archer Armor
34:50 Stone Mining
35:17 Forging
35:42 Scale Barding Armor
38:00 Bodkin Arrow
38:30 Heavy Plow
40:30 Leather Archer Armor
41:48 Chain Barding Armor
42:37 Bow Saw
43:40 Iron Casting
43:17 Husbandry
44:36 Medical Corps
47:36 Thumb Ring
49:40 Ballistics
el forasteiro
13:04 Feudal Age
13:51 Double-Bit Axe
13:51 Horse Collar
19:40 Castle Age
17:39 Fletching
22:10 Bow Saw
22:06 Town Watch
23:09 Stone Mining
23:09 Gold Mining
24:57 Gold Shaft Mining
24:33 Scale Barding Armor
24:39 Forging
28:09 Wheelbarrow
27:35 Town Patrol
30:44 Fortified Wall
30:46 Masonry
30:32 Murder Holes
32:05 Sanctity
31:56 Fervor
32:41 Ballistics
35:03 Imperial Age
32:47 Heavy Plow
36:58 Stone Shaft Mining
37:33 Iron Casting
37:02 Scale Mail Armor
37:03 Bodkin Arrow
39:55 Stronghold
40:57 Elite Woad Raider
47:48 Capped Ram
48:34 Onager
49:48 Furor Celtica
Connection lost

Rejoining the realm…

Still unreachable

The connection could not be restored.

Session expired

The server has moved on; the page needs a fresh start.